 Dungeon Crawl Stone Soup version 0.24-a0-520-g8fd06ad0bc (webtiles) character file.

Game seed: 5468546641880582189

361 Gargoyl the Skirmisher (level 6, -14/56 HPs)
             Began as a Centaur Abyssal Knight on July 25, 2019.
             Was a Follower of Lugonu.
             Demolished by a tentacled starspawn (26 damage)
             ... on level 3 of the Abyss.
             The game lasted 00:02:26 (333 turns).

Gargoyl the Skirmisher (Centaur Abyssal Knight)      Turns: 333, Time: 00:02:26

Health: -14/56     AC:  7    Str: 18    XL:     6   Next: 38%
Magic:  1/8        EV:  5    Int: 11    God:    Lugonu [*.....]
Gold:   76         SH:  0    Dex: 11    Spells: 5/5 levels left

rFire    . . .     SeeInvis .   a - +1 hand axe
rCold    . . .     Gourm    .   (no shield)
rNeg     . . .     Faith    .   f - +0 chain mail
rPois    .         Spirit   .   (no helmet)
rElec    .         Reflect  .   (no cloak)
rCorr    .         Harm     .   (no gloves)
MR       .....                  (no barding)
Stlth    ..........             d - amulet of inaccuracy (curse)
HPRegen  0.18/turn              (no ring)
MPRegen  0.11/turn              (no ring)

@: very quick
A: large, hooves 3, agile 1, deformed body, speed 2, strong 1, tough skin 3
a: Depart the Abyss, Renounce Religion


You were on level 3 of the Abyss.
You worshipped Lugonu.
Lugonu was aware of your devotion.
You were not hungry.

You visited 0 branches of the dungeon, and saw 0 of its levels.
You visited the Abyss 1 time.

You collected 76 gold pieces.

Inventory:

Hand Weapons
 a - a +1 hand axe (weapon)
Armour
 f - a +0 chain mail (worn)
Jewellery
 d - a cursed amulet of inaccuracy (around neck)
Miscellaneous
 e - a box of beasts
Comestibles
 c - 3 rations


   Skills:
 + Level 5.6 Fighting
 + Level 2.7 Axes
 + Level 2.6 Armour
 + Level 0.7 Dodging
 + Level 3.0 Invocations
 + Level 0.1 Evocations


You had 5 spell levels left.
You didn't know any spells.
Your spell library was empty.

Dungeon Overview and Level Annotations

Branches:
Dungeon (0/15)

Altars:


Innate Abilities, Weirdness & Mutations

You have hooves in place of feet.
Armour fits poorly on your strangely shaped body.
You cover ground very quickly.
You have extremely tough skin. (AC +3)
You are agile. (Dex +2)
Your muscles are strong. (Str +2)


Message History

The shadow imp barely misses your larval batfire beast.
You escape the starspawn tentacle's grasp.
Your larval batfire beast breathes flames at the shadow imp.
The blast of flame hits the shadow imp!
The shadow imp dies!
A starspawn tentacle segment comes into view.
Your larval batfire beast hits the starspawn tentacle segment but does no damage.
The starspawn tentacle grabs your larval batfire beast.
The starspawn tentacle constricts your larval batfire beast.
Your larval batfire beast hits the starspawn tentacle segment.
The starspawn tentacle loses its grip on your larval batfire beast.
The tentacle pulls your larval batfire beast backwards!
The tentacled starspawn bites you.
* * * LOW HITPOINT WARNING * * *
The tentacled starspawn engulfs you.
* * * LOW HITPOINT WARNING * * *
You feel better.
Your larval batfire beast hits the starspawn tentacle but does no damage.
The tentacled starspawn bites you!!
You die...

. .#.....
.......# .. ..
.........# #
.............##
....
.............#
....
...│.#..H...#
#...
##.X.###w.w### .
..
#.....#..\│..#
............X..#
...
...........@#.#
# ...###...##..#
# . # ##.##
##... . .###...#
.. ..# .#.
...#.....# . #.#
. ...........
..# .
....#.....#. . #
..## . .## . #
#.# # .## #.##


You could see a tentacled starspawn, 2 starspawn tentacles and a friendly larval
batfire beast.

Vanquished Creatures
  An ufetubus (Abyss:2)
1 creature vanquished.

Vanquished Creatures (collateral kills)
  A mana viper (Abyss:3)
  A neqoxec (Abyss:2)
  A large abomination (Abyss:2)
  A small abomination (Abyss:2)
  A shadow imp (Abyss:3)
5 creatures vanquished.

Vanquished Creatures (others)
  A starspawn tentacle (Abyss:3)
1 creature vanquished.

Grand Total: 7 creatures vanquished

Notes
Turn   | Place    | Note
-------+----------+-------------------------------------------
     0 | Abyss:1  | Gargoyl the Centaur Abyssal Knight began the quest for the
                  | Orb.
     0 | Abyss:1  | Reached XP level 1. HP: 19/19 MP: 2/2
   102 | Abyss:2  | Noticed a neqoxec
   126 | Abyss:2  | Killed a neqoxec
   126 | Abyss:2  | Reached skill level 4 in Fighting
   126 | Abyss:2  | Reached XP level 2. HP: 5/27 MP: 3/3
   126 | Abyss:2  | Reached XP level 3. HP: 7/33 MP: 4/4
   126 | Abyss:2  | Reached XP level 4. HP: 8/40 MP: 5/5
   150 | Abyss:2  | Noticed a large abomination
   157 | Abyss:2  | Killed a large abomination
   157 | Abyss:2  | Reached XP level 5. HP: 13/47 MP: 6/6
   161 | Abyss:2  | Noticed a ynoxinul
   194 | Abyss:2  | Noticed a harpy
   249 | Abyss:3  | Gained mutation: Your muscles are strong. (Str +2) [potion
                  | of mutation]
   249 | Abyss:3  | Gained mutation: You are agile. (Dex +2) [potion of
                  | mutation]
   304 | Abyss:3  | Noticed a mana viper
   315 | Abyss:3  | Noticed a tentacled starspawn
   327 | Abyss:3  | Killed a mana viper
   327 | Abyss:3  | Reached skill level 5 in Fighting
   327 | Abyss:3  | Reached XP level 6. HP: 15/56 MP: 0/8
   332 | Abyss:3  | HP: 2/56 [tentacled starspawn (2)]
   333 | Abyss:3  | Demolished by a tentacled starspawn

Levels and vault maps discovered:
Abyss:3:  lemuel_flamethrower_3, hangedman_abyss_rune_flesh_and_stone

Skill      XL: |  1  2  3  4  5 |
---------------+----------------+-----
Fighting       | 4 5 |  5.6
Axes           | 2 |  2.7
Armour         | 2 |  2.6
Invocations    | 3 |  3.0
Dodging        | |  0.7
Evocations     | |  0.1

Action                   |  1- 3 |  4- 6 || total
-------------------------+-------+-------++-------
Melee: Hand axe          |     5 |     1 ||     6
Evoke: Box of beasts     |       |     3 ||     3
  Use: Scroll            |     2 |       ||     2
       Potion            |     1 |     3 ||     4
Armor: Leather armour    |     4 |       ||     4
       Chain mail        |       |     2 ||     2
Dodge: Dodged            |     8 |     1 ||     9

Table legend:
 A = Non-vault XP
 B = Vault XP
 C = Vault XP percentage of total XP
 D = Non-vault monster count
 E = Vault monster count
 F = Vault count percentage of total count
                 A         B        C        D         E       F
            +---------+---------+-------+---------+---------+-------
      Total |     516 |       0 |   0.0 |       6 |       0 |   0.0
            +---------+---------+-------+---------+---------+-------
    Abyss:2 |     213 |       0 |   0.0 |       4 |       0 |   0.0
    Abyss:3 |     303 |       0 |   0.0 |       2 |       0 |   0.0
            +---------+---------+-------+---------+---------+-------
